AoeStats
← Erickinio

Black Forest

509823280Analyzed
4v4 RM · 4d ago on Sep 28, 2026· 61m 8s· 8 players
Game mode
Random Map
Map size
Large (8 player)
Population
200
Speed
Normal
Resources
Standard
Victory
Conquest
Starting age
Dark Age
Ending age
Imperial Age
RankedLock teamsTeams togetherTeam positionsShared explorationLock speedFull tech treeHidden civsTurbo modeCheats
Victory
Defeat
🇦🇷 Celts · Argentina
915
+13
🇺🇸 Khmer · United States
910
+14
🇭🇰 Bohemians · Hong Kong SAR China
849
+16
🇲🇽 Persians · Mexico
807
+18
🇺🇸 Bohemians · United States
903
-17
🇺🇸 Lithuanians · United States
869
-16
🇺🇸 Mongols · United States
847
-15
🇺🇸 Ethiopians · United States
796
-13
littlesuperstar
0:27 Loom
15:18 Feudal Age
15:58 Horse Collar
16:05 Double-Bit Axe
17:45 Stone Mining
17:46 Gold Mining
22:51 Castle Age
24:51 Bow Saw
29:51 Heavy Plow
31:58 Caravan
32:29 Coinage
35:50 Imperial Age
34:06 Wheelbarrow
35:07 Hand Cart
35:06 Scale Barding Armor
35:05 Scale Mail Armor
35:43 Fortified Wall
36:30 Chain Barding Armor
36:21 Forging
36:47 Devotion
37:25 Stone Shaft Mining
37:26 Gold Shaft Mining
37:28 Crop Rotation
37:21 Heavy Scorpion
39:15 Chemistry
38:36 Ballistics
40:03 Plate Barding Armor
40:04 Iron Casting
39:21 Fletching
39:31 Padded Archer Armor
39:49 Chain Mail Armor
40:15 Banking
39:29 Capped Ram
40:39 Bloodlines
39:50 Light Cavalry
40:31 Husbandry
40:47 Siege Ram
41:50 Town Watch
42:10 Murder Holes
42:25 Masonry
43:17 Hussar
45:35 Elite Battle Elephant
46:52 Leather Archer Armor
46:57 Onager
60:16 Blast Furnace
59:12 Bodkin Arrow
59:47 Ring Archer Armor
leo67
0:31 Loom
15:24 Feudal Age
16:45 Horse Collar
18:16 Double-Bit Axe
24:38 Castle Age
25:31 Bow Saw
25:37 Heavy Plow
27:03 Caravan
34:48 Imperial Age
33:44 Chemistry
34:17 Fletching
34:54 Ballistics
35:17 Wheelbarrow
36:05 Forging
35:56 Scale Mail Armor
35:18 Pikeman
35:59 Squires
35:45 Arson
36:21 Fortified Wall
36:11 Murder Holes
36:15 Bodkin Arrow
36:50 Town Watch
39:02 Hand Cart
39:46 Siege Engineers
41:01 Wagenburg Tactics
41:31 Town Patrol
42:34 Two-Man Saw
42:22 Guilds
42:17 Houfnice
50:13 Fortified Wall
50:13 Masonry
55:56 Architecture
54:47 Halberdier
57:09 Heavy Scorpion
60:45 Bracer
Tentramitrozo 100 mg
0:29 Loom
12:20 Feudal Age
18:59 Castle Age
17:57 Double-Bit Axe
18:03 Horse Collar
19:16 Stone Mining
20:33 Gold Mining
23:10 Wheelbarrow
22:21 Town Watch
30:50 Imperial Age
28:55 Bloodlines
29:40 Husbandry
33:04 Scale Barding Armor
33:11 Forging
32:51 Fletching
33:01 Padded Archer Armor
33:02 Scale Mail Armor
34:11 Hand Cart
34:07 Cavalier
36:31 Iron Casting
36:12 Leather Archer Armor
35:52 Bodkin Arrow
36:21 Elite Skirmisher
36:22 Crossbowman
37:15 Citadels
37:26 Conscription
38:24 Heavy Plow
39:12 Chain Barding Armor
39:53 Blast Furnace
39:09 Chain Mail Armor
39:25 Ring Archer Armor
40:08 Chemistry
39:29 Ballistics
39:49 Murder Holes
40:36 Gold Shaft Mining
40:36 Stone Shaft Mining
41:49 Thumb Ring
41:46 Kamandaran
42:23 Hoardings
41:49 Capped Ram
42:58 Town Patrol
42:47 Savar
44:42 Plate Barding Armor
44:38 Plate Mail Armor
44:25 Siege Ram
45:13 Light Cavalry
45:14 Heavy Camel Rider
49:45 Bow Saw
50:09 Crop Rotation
49:13 Onager
50:21 Elite War Elephant
Erickinio
0:48 Loom
18:09 Feudal Age
18:26 Man-at-Arms
21:09 Arson
23:31 Forging
27:33 Scale Mail Armor
29:15 Horse Collar
29:44 Double-Bit Axe
31:10 Wheelbarrow
32:31 Stone Mining
32:38 Gold Mining
35:16 Castle Age
33:49 Fletching
34:00 Padded Archer Armor
34:02 Town Watch
35:57 Double-Bit Axe
36:52 Gold Shaft Mining
36:56 Iron Casting
37:05 Chain Mail Armor
36:12 Long Swordsman
37:30 Gambesons
38:27 Pikeman
40:03 Bow Saw
42:52 Stone Shaft Mining
42:59 Heavy Plow
43:15 Masonry
45:32 Hand Cart
45:48 Stronghold
48:57 Imperial Age
47:19 Murder Holes
47:56 Bodkin Arrow
48:16 Leather Archer Armor
47:59 Elite Skirmisher
48:54 Town Patrol
49:39 Ballistics
49:08 Heavy Scorpion
50:11 Conscription
50:13 Furor Celtica
50:21 Onager
53:06 Chemistry
52:12 Siege Engineers
53:33 Halberdier
57:00 Blast Furnace
56:31 Plate Mail Armor
56:19 Elite Woad Raider
56:22 Two-Handed Swordsman
57:39 Ring Archer Armor
58:37 Siege Onager
58:38 Champion
huntrixLoL
0:57 Loom
15:35 Feudal Age
17:16 Double-Bit Axe
17:41 Horse Collar
26:34 Castle Age
24:59 Padded Archer Armor
24:51 Fletching
31:50 Castle Age
35:54 Stone Mining
37:25 Stone Shaft Mining
41:13 Fortified Wall
48:50 Murder Holes
krook
1:42 Loom
13:36 Feudal Age
16:20 Double-Bit Axe
16:19 Horse Collar
17:58 Fletching
24:17 Castle Age
27:34 Bow Saw
27:42 Forging
34:27 Imperial Age
32:57 Wheelbarrow
34:37 Chemistry
36:12 Pikeman
36:38 Arson
36:54 Squires
36:56 Scale Mail Armor
37:31 Iron Casting
38:44 Houfnice
39:43 Chain Mail Armor
39:53 Hand Cart
40:05 Halberdier
41:43 Wagenburg Tactics
42:15 Plate Mail Armor
42:46 Blast Furnace
41:42 Bodkin Arrow
42:26 Siege Engineers
42:19 Murder Holes
42:35 Masonry
43:53 Conscription
56:00 Two-Man Saw
59:24 Blast Furnace
58:54 Plate Mail Armor
im just gettin lucky
6:28 Loom
10:59 Feudal Age
11:28 Double-Bit Axe
11:26 Horse Collar
18:54 Castle Age
20:21 Bow Saw
20:08 Stone Mining
23:15 Heavy Plow
28:08 Stone Shaft Mining
28:25 Wheelbarrow
30:29 Hand Cart
31:18 Gold Mining
34:54 Imperial Age
36:32 Padded Archer Armor
36:22 Fletching
36:17 Elite Mangudai
37:18 Conscription
37:43 Gold Shaft Mining
37:30 Leather Archer Armor
37:10 Bodkin Arrow
40:32 Chemistry
39:53 Ballistics
39:37 Bracer
41:21 Onager
44:04 Drill
43:28 Siege Onager
45:18 Husbandry
45:28 Bloodlines
58:14 Parthian Tactics
57:10 Heavy Cavalry Archer
58:00 Thumb Ring
DUck
12:21 Loom
15:42 Feudal Age
17:00 Horse Collar
17:14 Gold Mining
17:14 Double-Bit Axe
21:43 Castle Age
26:24 Imperial Age
25:31 Crossbowman
27:35 Arbalester
29:13 Thumb Ring
29:04 Fletching
29:14 Padded Archer Armor
33:15 Wheelbarrow
39:14 Hand Cart
39:16 Heavy Plow
40:50 Chemistry
40:14 Ballistics
40:09 Masonry
40:45 Conscription
44:17 Gold Shaft Mining
49:41 Architecture
49:27 Siege Engineers
49:20 Murder Holes
50:33 Torsion Engines
Connection lost

Rejoining the realm…

Still unreachable

The connection could not be restored.

Session expired

The server has moved on; the page needs a fresh start.